 Dungeon Crawl Stone Soup version 0.26.0-45-g9c1d065592 (webtiles) character file.

Game seed: 16444521265827718044

(classic levelgen) 55 thiole the Stinger (level 3, -4/24 HPs)
             Began as an Octopode Venom Mage on Jan 29, 2021.
             Was an Initiate of Gozag.
             Slain by an iguana (14 damage)
             ... on level 4 of the Dungeon.
             The game lasted 00:02:53 (1760 turns).

thiole the Stinger (Octopode Venom Mage)            Turns: 1760, Time: 00:02:53

Health: -4/24      AC:  1    Str:  7    XL:     3   Next: 93%
Magic:  0/6        EV: 13    Int: 18    God:    Gozag
Gold:   89         SH:  0    Dex: 12    Spells: 5/6 levels left

rFire    . . .     SeeInvis .   (no weapon)
rCold    . . .     Faith    .   (no shield)
rNeg     . . .     Spirit   .   (helmet restricted)
rPois    .         Reflect  .   (no amulet)
rElec    .         Harm     .   (no ring)
rCorr    .         Rampage  .   (no ring)
Will     .....                  (no ring)
Stlth    +++.......             (no ring)
HPRegen  0.08/turn              (no ring)
MPRegen  0.10/turn              (no ring)
                                (no ring)
                                (no ring)

@: gold aura
A: almost no armour, stealthy swim, amphibious, 8 rings, constrict 8, camouflage
1, gelatinous body 1
a: Renounce Religion, Potion Petition, Call Merchant, Bribe Branch


You were on level 4 of the Dungeon.
You worshipped Gozag.
Gozag was noncommittal.
You visited 1 branch of the dungeon, and saw 3 of its levels.

You collected 126 gold pieces.
You paid 37 gold pieces to Gozag.

Inventory:

Jewellery
 h - an uncursed ring of fire {unknown}
Scrolls
 a - a scroll of noise {unknown}
 b - 3 scrolls of identify {unknown}
 c - a scroll of remove curse {unknown}
 e - 2 scrolls of enchant armour {unknown}
 f - 2 scrolls of amnesia {unknown}
 i - a scroll of magic mapping {unknown}
Potions
 d - 2 potions of curing {unknown}
 g - a potion of flight {unknown}


   Skills:
 - Level 2.0 Fighting
 - Level 2.0 Dodging
 - Level 2.6 Stealth
 - Level 2.0 Spellcasting
 + Level 1.0 Transmutations
 - Level 5.0 Poison Magic


You had 5 spell levels left.
You knew the following spells:

 Your Spells              Type           Power        Failure   Level
a - Sting                 Tmut/Pois      48%          5%          1

Your spell library contained the following spells:

 Spells                   Type           Power        Failure   Level
 Poisonous Vapours        Pois/Air       20%          10%         2
 Olgreb's Toxic Radiance  Pois           19%          22%         4
 Ignite Poison            Fire/Tmut/Pois 9%           24%         3
 Mephitic Cloud           Conj/Pois/Air  7%           28%         3


Dungeon Overview and Level Annotations

Branches:
Dungeon (2/15)

Altars:
Gozag

Annotations:
D:4 3 runed translucent doors, kaeus's ghost, novice OpEn


Innate Abilities, Weirdness & Mutations

You cannot wear most types of armour.
You are very stealthy in the water. (Stealth+)
You are amphibious.
You can wear up to eight rings at the same time.
You can use your tentacles to constrict eight enemies at once.
Your skin changes colour to match your surroundings (Stealth+).
Your rubbery body absorbs attacks. (AC +1, EV +1)


Message History

Casting: Sting (safe; 5% risk of failure)
Confirm with . or Enter, or press ? or * to list all spells.
Aiming: Sting (safe; 5% risk of failure)
Press: ? - help, Shift-Dir - straight line, f/p - iguana
Aim: an iguana (moderately wounded, very poisoned, 25% to evade)
The sting hits the iguana but does no damage.
The iguana looks even sicker.
The iguana is moderately wounded.
The iguana bites you!
Casting: Sting (safe; 5% risk of failure)
Confirm with . or Enter, or press ? or * to list all spells.
Aiming: Sting (safe; 5% risk of failure)
Press: ? - help, Shift-Dir - straight line, f/p - iguana
Aim: an iguana (heavily wounded, very poisoned, 25% to evade)
The sting hits the iguana.
The iguana looks as sick as possible!
The iguana is heavily wounded.
The iguana bites you!
Ouch! That really hurt!
You die...
Your body crumbles into a pile of gold.

#.#....#
#P.#
##.#.#....#
####
...#.#.#..#
...#.#.#.##
#+
#..#.#.#.
#. ...#.#
.. ..
#.##.#
#.##.#
######@##.#
#.....l...#
#.####.####
#.# #$# ..#
####


You could see an iguana (extremely poisoned).

Vanquished Creatures
  An adder (D:2)
  A worm (D:2)
  2 dart slugs (D:1)
  A leopard gecko (D:2)
  2 orcs (D:4)
  3 giant cockroaches
  5 goblins
  5 hobgoblins
  4 kobolds
  3 bats
  5 frilled lizards
  3 rats
35 creatures vanquished.

Notes
Turn   | Place    | Note
-------+----------+-------------------------------------------
     0 | D:1      | thiole the Octopode Venom Mage began the quest for the Orb.
     0 | D:1      | Reached XP level 1. HP: 11/11 MP: 3/3
   227 | D:1      | Reached skill level 4 in Poison Magic
   289 | D:1      | Reached XP level 2. HP: 17/17 MP: 1/5
  1113 | D:2      | Reached XP level 3. HP: 21/21 MP: 3/6
  1119 | D:2      | Reached skill level 5 in Poison Magic
  1248 | D:2      | Reached skill level 1 in Fighting
  1407 | D:2      | You fall into a shaft and drop 2 floors!
  1448 | D:4      | Found a runed translucent gate.
  1465 | D:4      | Found an opulent altar of Gozag.
  1472 | D:4      | Became a worshipper of Gozag Ym Sagoz the Greedy
  1595 | D:4      | Found a runed translucent gate.
  1595 | D:4      | Found a runed translucent gate.
  1595 | D:4      | Noticed kaeus's ghost (novice OpEn)
  1760 | D:4      | Slain by an iguana

Illustrated notes

Levels and vault maps discovered:
D:1:      dpeg_arrival_tiny_a, layout_loops_ring, st_stairs_6
D:2:      layout_basic, chequers_ecumenical_altar_simple_redux
D:4:      corexii_shantytown, layout_basic, nicolae_overflow_hidden_temple,
          serial_shops, nicolae_shop_trees, ebering_ghost_rock_garden,
          grunt_gozag_statues, uniq_ijyb

Skill      XL: |  1  2  3 |
---------------+----------+-----
Poison Magic   | 4 5 |  5.0
Fighting       | 2 |  2.0
Dodging        | |  2.0
Stealth        | |  2.6
Spellcasting   | |  2.0
Transmutations | |  1.0

Action                   || total
-------------------------++-------
Melee: Unarmed           ||    18
       Constrict         ||     7
       Tentacles         ||     4
 Cast: Sting             ||    71
Armor: Skin              ||     3
Dodge: Dodged            ||    20
